cohdb
Replays
Latest Replays
All Replays
Popular Replays
Top Player Replays
Match Explorer
How It Works
Community
CoH3 Stats
Reddit
Sign in to upload your games and track your stats! →
Sign in with Steam
Match 33397322
Unlisted
Match 33397322
Overview
Messages
Build Orders
End
Construct Infanterie Kompanie
Selects Luftwaffe Battlegroup
Kettenkrad Recon Vehicle
MG 42 Machine Gun Team
Selects Luftwaffe Pioneer Support
Fallschirmpioneer Squad Paradrop
Fallschirmpioneer Squad Paradrop
Construct Panzergrenadier Kompanie
Medical Station
Selects Stuka Strafing Run
Selects Flak 38 Anti-Air Emplacement
Fallschirmpioneer Squad Paradrop
251 Medium Carrier
Fallschirmpioneer Squad Paradrop
x_Death_Head_x
DirtyDog
Fuzze
Microsoft Office PowerPoint
Microsoft Office Excel
Microsoft Office Word
0
0
Comments
sign in to comment!
No comments posted yet!